 Dungeon Crawl Stone Soup version 0.16-a0-2038-g968ce0a (webtiles) character file.

214 thegroundistoosoft the Insei (level 5, 0/41 HPs)
             Began as a Mummy Monk on Nov 10, 2014.
             Slain by an orc priest
             ... wielding a +0 club
              (4 damage)
             ... on level 4 of the Dungeon.
             The game lasted 00:22:34 (6170 turns).

thegroundistoosoft the Insei (Mummy Monk)           Turns: 6170, Time: 00:22:34

Health: 0/41       AC:  5    Str: 14    XL:     5   Next: 60%
Magic:  5/5        EV: 13    Int:  9    God:
Gold:   193        SH:  0    Dex: 15    Spells: 0 memorised, 4 levels left

rFire  x . .     SeeInvis .       - Unarmed
rCold  + + .     Clarity  .     (no armour)
rNeg   + + +     SustAb   .     (no shield)
rPois  +         Gourm    .     (no helmet)
rElec  .         Spirit   .     b - +0 cloak
rCorr  .         Warding  .     j - +2 pair of gloves
rMut   .         Stasis   .     k - +0 pair of boots
MR     .....                    (no amulet)
Stlth  ++........               g - ring of protection from fire
                                h - ring of ice

@: not resistant to hostile enchantments, unstealthy
A: no food or potions, fire vulnerability, restore body, cold resistance 1,
negative energy resistance 3, poison resistance, torment resistance, unbreathing
a: no special abilities


You were on level 4 of the Dungeon.
You were not hungry.

You visited 1 branch of the dungeon, and saw 4 of its levels.

You collected 193 gold pieces.


Innate Abilities, Weirdness & Mutations

You do not eat or drink.
Your flesh is vulnerable to fire.
Your flesh is cold resistant.
You are immune to negative energy.
Your system is resistant to poisons.
You are immune to unholy pain and torment.
You can survive without breathing.


   Skills:
 - Level 3.0 Fighting
 - Level 2.4 Dodging
 - Level 1.5 Stealth
 + Level 5.7 Unarmed Combat


You had 4 spell levels left.
You didn't know any spells.

Inventory:

Missiles
 i - 13 poisoned needles
Armour
 b - a +0 cloak (worn)
 j - a +2 pair of gloves (worn)
 k - a +0 pair of boots (worn)
Jewellery
 g - a ring of protection from fire (right hand)
 h - a ring of ice (left hand)
Scrolls
 a - a scroll of teleportation
 c - a scroll of remove curse
 d - a scroll of noise {unknown}
 e - 2 scrolls of identify
 f - a scroll of immolation {!r}

Dungeon Overview and Level Annotations

Branches:
Dungeon (4/15)
 Temple: D:4-7

Altars:
Ashenzari
Gozag

Annotations:
D:4 exclusions: orc priest and scorpion, Crazy Yiuf; Dowan; Duvessa; Kraw's ghost, average TrVM

..+...'..'....'....o.'.......#
###'###+##....#'###..#.......+
..................#..#.......
...>..............'..#.......
############......#'##.......#
#.................# ♣♣♣
#####+#...........# ♣.♣♣♣
#....[#...........'. .♣..♣
#....@+......b....# ♣♣♣♣....g#
####o##...........#'## ♣ #..)#
#.................#... ###
#.................#...
#.................'...
#.................#### ####
#......#+####'###..... .....
###'####...# ...#..... ......
..........'....#.....


You could see an orc priest.


Message History

An open door.
Unknown command.
Read which item? (? for menu, Esc to quit)
Okay, then.
You punch the orc priest!
The orc priest is heavily wounded.
You hit the orc priest. Your punch misses the orc priest.
The orc priest is severely wounded.
The orc priest hits you but does no damage.
You hit the orc priest but do no damage.
The orc priest is severely wounded.
The orc priest mumbles some strange prayers to Beogh against you.
Something smites you!
* * * LOW HITPOINT WARNING * * *
You hit the orc priest.
The orc priest is almost dead.
The orc priest barely misses you.
You closely miss the orc priest.
The orc priest is almost dead.
The orc priest calls down the wrath of Beogh upon you.
Something smites you!
* * * LOW HITPOINT WARNING * * *
You closely miss the orc priest.
The orc priest is almost dead.
Read which item? (? for menu, Esc to quit)
Okay, then.
You barely miss the orc priest.
The orc priest is almost dead.
The orc priest hits you with a club.
You die...

Action                   |  1- 3 |  4- 6 || total
-------------------------+-------+-------++-------
Melee: Unarmed           |   148 |   179 ||   327
  Use: Scroll            |       |     5 ||     5
 Stab: Sleeping          |     2 |       ||     2

Vault maps used:
D:1:      minmay_arrival_jagged
D:2:      wad_pebble_path, ashenzari_conservatory_becter,
          minmay_shallow_snake_nest
D:3:      kennysheep_the_goblin_king,
          nicolae_gozag_cash_rules_everything_around_me, first_bread
D:4:      uniq_iyjb, uniq_crazy_yiuf_cottage, uniq_duvessa

Notes
Turn   | Place    | Note
--------------------------------------------------------------
     0 | D:1      | thegroundistoosoft, the Mummy Monk, began the quest for the Orb.
     0 | D:1      | Reached XP level 1. HP: 18/18 MP: 1/1
     7 | D:1      | RobertPalmer: you can do it
     7 | D:1      | RobertPalmer: you're Tootoughhamun
   542 | D:1      | Reached XP level 2. HP: 18/24 MP: 2/2
  1573 | D:2      | Reached skill level 4 in Unarmed Combat
  1925 | D:2      | Found a shattered altar of Ashenzari.
  1970 | D:2      | Reached XP level 3. HP: 22/29 MP: 3/3
  2894 | D:3      | Reached XP level 4. HP: 35/35 MP: 4/4
  3210 | D:3      | Reached skill level 5 in Unarmed Combat
  3559 | D:3      | Reached XP level 5. HP: 26/41 MP: 5/5
  4035 | D:3      | Found an opulent altar of Gozag.
  4051 | D:3      | you are not wilkommen
  4344 | D:4      | Noticed an ogre
  4501 | D:4      | Noticed Kraw's ghost (average TrVM)
  4591 | D:4      | Noticed Crazy Yiuf
  4605 | D:4      | that better not be a fun hammer
  4782 | D:4      | Noticed Dowan
  4895 | D:4      | HP: 3/41 [Kraw's ghost (19)]
  4897 | D:3      | not even close
  5704 | D:4      | Noticed Duvessa
  6011 | D:4      | dear diary today I didn't notice downstairs that were right there
  6106 | D:4      | i also found verboten goods
  6168 | D:4      | HP: 4/41 [orc priest/divine providence (13)]
  6170 | D:4      | Slain by an orc priest

Vanquished Creatures
  A hound (D:4)
  An orc wizard (D:3)
  6 adders
  A giant mite (D:4)
  A worm (D:3)
  3 giant geckos
  7 orcs
  5 bats
  A giant cockroach (D:1)
  14 goblins
  10 hobgoblins
  6 kobolds
  A quokka (D:2)
  6 ball pythons (D:2)
  7 giant newts
  5 jackals
  A quokka skeleton (D:4)
  4 rats
80 creatures vanquished.
